 Dungeon Crawl Stone Soup version 0.31.0-32-g396128a36d (console) character file.

Game seed: 12110550398873060962

3803 unihiutale the Carver (level 10, -1/76 HPs)
             Began as a Human Wanderer on Apr 11, 2024.
             Slain by a hornet (12 damage)
             ... while paralysed by a hornet
             ... on level 8 of the Dungeon.
             The game lasted 00:20:18 (6398 turns).

unihiutale the Carver (Human Wanderer)              Turns: 6398, Time: 00:20:19

Health: -1/76      AC: 11    Str: 15    XL:     10   Next: 17%
Magic:  17/17      EV:  2    Int: 21    God:
Gold:   479        SH:  0    Dex: 10    Spells: 14/19 levels left

rFire   . . .        m - +9 sword of Power {lifebolt}
rCold   . . .        (shield currently unavailable)
rNeg    . . .        K - +3 ring mail
rPois   .            (no helmet)
rElec   .            (no cloak)
rCorr   +            y - +0 pair of gloves
SInv    .            F - +0 pair of boots
Will    .....        v - amulet of regeneration
Stlth   +            w - ring of resist corrosion
HPRegen 1.12/turn    (no ring)
MPRegen 0.15/turn

%: no passive effects
@: paralysed, slowed
A: explore regen, clever 1, strong 1, wild magic 1, noise suppression
a: no special abilities


You were on level 8 of the Dungeon.
You visited 2 branches of the dungeon, and saw 9 of its levels.
You also visited: Sewer.

You collected 479 gold pieces.

Inventory:

Hand Weapons
 a - a +0 hand axe
 m - the +9 sword of Power (weapon) {lifebolt}
   (You found it on level 2 of the Dungeon)
 C - a +2 trident of venom
 I - the +4 rapier "Jotei" {venom, Will+ Int+3}
   (You found it on level 6 of the Dungeon)

   Int+3:     It affects your intelligence (+3).
   Will+:     It increases your willpower.
Missiles
 n - a throwing net
 O - 15 poisoned darts
Armour
 b - a +0 pair of boots
 d - a +0 robe
 l - a +0 chain mail
 y - a +0 pair of gloves (worn)
 F - a +0 pair of boots (worn)
 K - a +3 ring mail (worn)
Jewellery
 k - a ring of fire
 o - an amulet of faith
 v - an amulet of regeneration (around neck)
 w - a ring of resist corrosion (left hand)
 E - a ring of ice
Wands
 s - a wand of flame (23)
 H - a wand of iceblast (8)
 M - a wand of charming (5)
Scrolls
 c - 2 scrolls of fog
 e - 3 scrolls of teleportation {unknown}
 h - 3 scrolls of amnesia {unknown}
 j - 2 scrolls of blinking {unknown}
 p - a scroll of torment {unknown}
 r - 2 scrolls of fear {unknown}
 u - 3 scrolls of noise {unknown}
 z - 3 scrolls of vulnerability {unknown}
 B - 5 scrolls of identify {unknown}
 G - a scroll of poison {unknown}
 L - 2 scrolls of immolation
 N - a scroll of silence {unknown}
Potions
 f - 3 potions of lignification
 g - a potion of mutation
 i - a potion of invisibility {unknown}
 q - 2 potions of ambrosia {unknown}
 t - 2 potions of heal wounds
 x - a potion of brilliance {unknown}
 D - 2 potions of attraction {unknown}
 J - a potion of resistance {unknown}


   Skills:
 * Level 6.2 Fighting
 + Level 8.2 Long Blades
 - Level 2.0 Axes
 * Level 5.4 Armour
 * Level 5.4 Dodging
 + Level 2.8 Stealth
 * Level 5.1 Spellcasting
 - Level 4.0 Hexes
 + Level 0.4 Evocations


You had 14 spell levels left.
You knew the following spells:

 Your Spells              Type           Power      Damage    Failure   Level
a - Slow                  Hex            100%       N/A       6%          1
b - Dazzling Flash        Conj/Hex       34%        N/A       34%         3
c - Apportation           Tloc           12%        N/A       28%         1

Your spell library contained the following spells:

 Spells                   Type           Power      Damage    Failure   Level
 Necrotise                Necr           24%        1d5       28%         1
 Sting                    Conj/Alch      24%        1d4       28%         1
 Summon Small Mammal      Summ           24%        N/A       28%         1
 Vampiric Draining        Necr           6%         2d6       61%         3
 Volatile Blastmotes      Fire/Tloc      12%        2d11      61%         3
 Dimensional Bullseye     Hex/Tloc       8%         N/A       73%         4
 Fulminant Prism          Conj/Alch      3%         3d5       93%         4
 Iskenderun's Mystic Bla  Conj/Tloc      6%         2d4       93%         4
 Martyr's Knell           Necr/Summ      6%         N/A       93%         4
 Curse of Agony           Necr           6%         N/A       100%        5


Dungeon Overview and Level Annotations

Branches:
Dungeon (8/15)             Temple (1/1) D:4           Sewer (visited)
   Lair: D:8-11

Altars:
Ashenzari
Cheibriados
Dithmenos
Elyvilon
Gozag
Hepliaklqana
Kikubaaqudgha
Makhleb
Nemelex Xobeh
Okawaru
Qazlal
Sif Muna
Trog
Wu Jian
Xom
Zin
The Shining One

Shops:
D:5 *

Annotations:
D:5 1 runed translucent door, FarmingIce's ghost, novice GnSh


Innate Abilities, Weirdness & Mutations

You regain HP and MP as you explore.
Your mind is acute. (Int +4, Str/Dex -1)
Your muscles are strong. (Str +4, Int/Dex -1)
Your spells are a little harder to cast, but a little more powerful.
You passively dampen the noise of your surroundings.


Message History

The hornet is almost dead.
The hornet barely misses you.
The hornet stings you but does no damage.
The hornet closely misses you.
You miss the hornet.
The hornet is almost dead.
The hornet misses you.
The hornet stings you but does no damage.
The shadow imp shouts, "Scamper away, thou hateful ditch-delivered mule!"
The hornet stings you!
* * * LOW HITPOINT WARNING * * *
You feel as though you will be slow longer.
You closely miss the hornet.
The hornet is almost dead.
The hornet misses you. The hornet closely misses you. x2
You closely miss the hornet.
The hornet is almost dead.
The hornet stings you.
You are poisoned.
You feel as though you will be slow longer.
The hornet stings you but does no damage. x2
You hit the hornet.
The hornet is almost dead.
You feel very sick. The hornet stings you!
* * * LOW HITPOINT WARNING * * *
You feel as though you will be slow longer.
The hornet stings you.
* * * LOW HITPOINT WARNING * * *
You are more poisoned.
You feel as though you will be slow longer.
The hornet misses you.
You feel better. The hornet stings you!
* * * LOW HITPOINT WARNING * * *
You suddenly lose the ability to move!
The hornet stings you.
* * * LOW HITPOINT WARNING * * *
You shrug off the repeated paralysis!
The white imp grinds its teeth.
The hornet stings you!
You die...

...<.........####
#.#........#.#
..#........#.##
..#.......##..#
.......⌠..###.##
...............###
..........##.....#
c#.#.##...###.##.#
#.##@#
#.##y#######
#.##55.....#
..#.5.......#
............#
.[..>.........#
..............#
..............#
...............


You could see a hornet, a quasit, a white imp and a shadow imp.

Vanquished Creatures
  A hornet (D:7)
  2 yaks (D:7)
  Menkaure (D:4)
  2 water moccasins
  An orc warrior (D:7)
  Pargi (Sewer)
  A black bear (D:7)
  2 sky beasts (D:7)
  2 ogres (D:5)
  3 centaurs (D:7)
  2 kobold brigands (D:7)
  A bullfrog (D:7)
  3 scorpions (D:5)
  A wight (D:7)
  2 howler monkeys
  2 bombardier beetles (D:6)
  4 hounds
  A gnoll bouda (D:7)
  7 orc priests
  6 jellies
  Jessica (D:2)
  4 iguanas
  A sleepcap (D:6)
  Terence (D:2)
  Natasha (thrice) (D:2)
  An orc wizard (D:7)
  6 gnolls
  10 adders
  5 shadow imps
  3 white imps (D:7)
  5 ufetubi
  A ribbon worm (D:3)
  3 dart slugs
  26 orcs
  10 endoplasms
  8 giant cockroaches
  8 goblins
  3 hobgoblins
  13 jackals
  5 kobolds
  9 quokkas
  11 ball pythons
  8 bats
  4 frilled lizards
  A goblin zombie (D:8)
  2 hobgoblin zombies (D:8)
  2 kobold skeletons (D:8)
  A kobold zombie (D:8)
  An orc skeleton (D:8)
  3 orc zombies (D:8)
  8 rats
212 creatures vanquished.

Vanquished Creatures (collateral kills)
  3 yaks (D:7)
  A quasit (D:7)
4 creatures vanquished.

Grand Total: 216 creatures vanquished

Notes
Turn   | Place    | Note
-------+----------+-------------------------------------------
     0 | D:1      | unihiutale the Human Wanderer began the quest for the Orb.
     0 | D:1      | unihiutale set off with the following items: a +0 hand axe,
                  | a +0 pair of boots, a scroll of fog, a +0 robe; and the
                  | following spell memorised: Slow; and the following spells
                  | available to memorise: Dazzling Flash, Dimensional
                  | Bullseye.
     0 | D:1      | Reached XP level 1. HP: 13/13 MP: 3/3
   138 | D:1      | Reached XP level 2. HP: 20/20 MP: 5/5
   503 | D:1      | Found a faded altar of an unknown god.
   593 | D:1      | Reached skill level 1 in Fighting
   603 | D:1      | Reached skill level 1 in Armour
   603 | D:1      | Reached skill level 1 in Dodging
   613 | D:1      | Reached XP level 3. HP: 26/26 MP: 6/6
   794 | D:2      | Noticed Jessica
   795 | D:2      | Noticed Terence
   861 | D:2      | Killed Terence
   876 | D:2      | Reached XP level 4. HP: 20/32 MP: 7/7
   903 | D:2      | Found the +9 sword of Power {lifebolt}
  1139 | D:2      | Noticed Natasha
  1144 | D:2      | Killed Natasha
  1145 | D:2      | Reached XP level 5. HP: 39/39 MP: 8/8
  1232 | D:2      | Noticed Natasha
  1239 | D:2      | Killed Natasha
  1240 | D:2      | Reached skill level 1 in Long Blades
  1301 | D:2      | Noticed Natasha
  1313 | D:2      | Killed Jessica
  1314 | D:2      | Killed Natasha
  1556 | D:2      | Reached XP level 6. HP: 44/46 MP: 10/10
  1639 | D:3      | Found an opulent altar of Gozag.
  1732 | D:3      | Reached skill level 2 in Long Blades
  2073 | D:3      | Learned a level 3 spell: Dazzling Flash
  2277 | D:4      | Found a staircase to the Ecumenical Temple.
  2307 | Temple   | Entered the Ecumenical Temple
  2624 | D:4      | Reached skill level 3 in Long Blades
  2624 | D:4      | Reached XP level 7. HP: 21/52 MP: 11/11
  2712 | D:4      | Noticed Menkaure
  2717 | D:4      | Killed Menkaure
  3014 | D:5      | Entered Level 5 of the Dungeon
  3117 | D:5      | Reached skill level 4 in Long Blades
  3320 | D:5      | Reached XP level 8. HP: 56/60 MP: 13/13
  3370 | D:5      | Found a glowing silver altar of Zin.
  3443 | D:5      | Gained mutation: Your muscles are strong. (Str +4, Int/Dex
                  | -1) [potion of mutation]
  3443 | D:5      | Gained mutation: You passively dampen the noise of your
                  | surroundings. [potion of mutation]
  3443 | D:5      | Gained mutation: Your mind is acute. (Int +4, Str/Dex -1)
                  | [potion of mutation]
  3443 | D:5      | Gained mutation: Your spells are a little harder to cast,
                  | but a little more powerful. [potion of mutation]
  3443 | D:5      | HP: 3/90 [poisoned by a water moccasin]
  3506 | D:5      | Learned a level 1 spell: Apportation
  3530 | D:5      | Reached skill level 5 in Long Blades
  3553 | D:5      | Found a broken altar of Ashenzari.
  3582 | D:5      | Found a runed translucent door.
  3583 | D:5      | Noticed FarmingIce's ghost (novice GnSh)
  3678 | D:5      | Found Yvvut's General Store.
  4013 | D:6      | Identified the +4 rapier "Jotei" {venom, Will+ Int+3}
  4143 | D:6      | Found a glowing drain.
  4157 | Sewer    | Entered a sewer
  4206 | Sewer    | Noticed Pargi
  4209 | Sewer    | Reached skill level 6 in Long Blades
  4211 | Sewer    | Killed Pargi
  4212 | Sewer    | Reached XP level 9. HP: 60/67 MP: 15/15
  4664 | D:7      | Reached skill level 5 in Fighting
  5036 | D:7      | Reached skill level 7 in Long Blades
  5731 | D:8      | Noticed a hornet
  5736 | D:7      | Reached skill level 5 in Armour
  5736 | D:7      | Reached skill level 5 in Dodging
  5752 | D:7      | Reached XP level 10. HP: 71/76 MP: 17/17
  5753 | D:7      | Reached skill level 8 in Long Blades
  5825 | D:7      | Reached skill level 5 in Spellcasting
  6307 | D:8      | Found a glowing golden altar of the Shining One.
  6384 | D:8      | Paralysed by a hornet for 3 turns
  6397 | D:8      | Paralysed by a hornet for 2 turns
  6398 | D:8      | Slain by a hornet

Illustrated notes

Levels and vault maps discovered:
D:1:      orjb1_lava_funnel, layout_loops_ring,
          chequers_ecumenical_altar_simple, minivault_26
D:2:      layout_loops_ring, uniq_jessica, uniq_terence, uniq_natasha
D:3:      layout_loops_ring, mainiacjoe_overflow_boulevard
D:4:      layout_gridville, minmay_temple_entry_statues,
          chequers_serial_rivers_room_a, uniq_menkaure
D:5:      layout_loops_cross, cheibrodos_ashenzari_chains,
          mainiacjoe_overflow_alcove_2, serial_shops, nicolae_diamond_shop,
          ebering_ghost_inner_flame
D:6:      layout_cave_pools, gup_sewer_entry_pipe, kennysheep_generic_room_12
D:7:      kb_forest_paths, layout_basic, minmay_quadrilaterals
D:8:      layout_rooms, mainiacjoe_overflow_small_starburst,
          nicolae_tso_besieged_by_evil, serial_demonic, serial_demonic_d,
          serial_demonic_b, serial_demonic_a, serial_demonic_c,
          serial_demonic_d, serial_demonic_g, serial_demonic_a,
          serial_demonic_d, serial_demonic_b, serial_demonic_f
Temple:   cyrus_circular_temple

Skill      XL: |  1  2  3  4  5  6  7  8  9 10 |
---------------+-------------------------------+-----
Fighting       | 1 2 3 4 6 |  6.2
Armour         | 1 2 3 4 5 |  5.4
Dodging        | 1 2 3 4 5 |  5.4
Long Blades    | 1 3 4 6 7 8 |  8.2
Spellcasting   | 3 4 5 |  5.1
Axes           | |  2.0
Stealth        | |  2.8
Hexes          | |  4.0
Evocations     | |  0.4

Action                     |  1- 3 |  4- 6 |  7- 9 | 10-12 || total
---------------------------+-------+-------+-------+-------++-------
  Melee: Hand axe          |   118 |    12 |       |       ||   130
         Great sword       |       |   119 |   203 |    62 ||   384
  Throw: Dart              |       |       |       |     2 ||     2
   Cast: Slow              |       |       |     4 |       ||     4
  Evoke: Wand              |       |       |     6 |       ||     6
    Use: Potion            |     1 |       |     3 |     2 ||     6
   Stab: Sleeping          |     3 |       |     1 |       ||     4
 Armour: Robe              |    59 |       |       |       ||    59
         Chain mail        |    36 |   141 |   140 |       ||   317
         Ring mail         |       |       |    91 |   116 ||   207
  Dodge: Dodged            |    76 |    55 |   129 |    88 ||   348
